 Dungeon Crawl Stone Soup version 0.18-a0-1655-ge2d8d33 (webtiles) character file.

6549 ololoev the Spear-Bearer (level 11, -1/84 HPs)
             Began as a Merfolk Skald on Mar 30, 2016.
             Was a Believer of Okawaru.
             Killed by miscasting Regeneration (14 damage)
             ... on level 10 of the Dungeon.
             The game lasted 00:35:59 (13154 turns).

ololoev the Spear-Bearer (Merfolk Skald)           Turns: 13154, Time: 00:36:00

Health: -1/84      AC: 13    Str: 15    XL:     11   Next: 1%
Magic:  3/20       EV:  9    Int: 12    God:    Okawaru [**....]
Gold:   462        SH:  0    Dex: 12    Spells: 3 memorised, 16 levels left

rFire  + + .     SeeInvis .     a - +1 trident
rCold  . . .     Gourm    .     u - +1 scale mail {rF+}
rNeg   . . .     Faith    .     (no shield)
rPois  .         Spirit   .     D - +0 helmet
rElec  .         Dismiss  .     (no cloak)
rCorr  .         Reflect  .     b - +0 pair of gloves
SustAt .         Harm     .     v - +1 pair of boots
MR     .....     Clarity  +     (no amulet)
Stlth  ..........               (no ring)
                                f - ring of protection from fire

@: very slightly contaminated, not resistant to hostile enchantments, extremely
unstealthy
A: change form in water, swift swim, slimy green scales 2, clarity, clumsy 1,
deformed body, evolution 1
a: Heroism, Renounce Religion


Innate Abilities, Weirdness & Mutations

You revert to your normal form in water.
You are very nimble and swift while swimming.
You are mostly covered in slimy green scales (AC +3).
You possess an exceptional clarity of mind.
You are clumsy. (Dex -2)
Armour fits poorly on your strangely shaped body.
You evolve.

Inventory:

Hand Weapons
 a - a +1 trident (weapon)
Armour
 b - a +0 pair of gloves (worn)
 u - a +1 scale mail of fire resistance (worn)
 v - a +1 pair of boots (worn)
 y - a +0 buckler
 D - a +0 helmet (worn)
Jewellery
 f - a ring of protection from fire (left hand)
Wands
 l - a wand of teleportation (4/9)
 B - a wand of digging (14/24)
Scrolls
 i - 5 scrolls of immolation {unknown}
 j - a scroll of brand weapon {unknown}
 k - 3 scrolls of enchant armour {unknown}
 m - 5 scrolls of random uselessness {unknown}
 o - 7 scrolls of remove curse
 q - 6 scrolls of teleportation
 r - 3 scrolls of blinking {unknown}
 t - 3 scrolls of enchant weapon {unknown}
 w - 2 scrolls of noise {unknown}
 x - 2 scrolls of magic mapping {unknown}
Potions
 e - a potion of might
 g - 2 potions of cure mutation
 h - a potion of agility {unknown}
 n - 2 potions of ambrosia {unknown}
 p - 4 potions of flight
Books
 c - a book of Battle

   Spells                             Type                      Level
   a - Infusion                       Charms                       1
   b - Shroud of Golubria             Charms/Translocation         2
   c - Song of Slaying                Charms                       2
   d - Spectral Weapon                Hexes/Charms                 3
   e - Regeneration                   Charms/Necromancy            3
Comestibles
 d - 11 bread rations
 z - 2 slices of pizza
 A - 9 fruits


   Skills:
 + Level 7.0 Fighting
 * Level 11.7 Polearms
 * Level 6.4 Armour
 - Level 1.3 Dodging
 + Level 2.4 Shields
 + Level 6.0 Spellcasting
 + Level 7.5 Charms
 + Level 1.9 Necromancy
 + Level 1.6 Invocations


You had 16 spell levels left.
You knew the following spells:

 Your Spells              Type           Power        Failure   Level  Hunger
a - Infusion              Chrm           ###.         2%          1    None
b - Song of Slaying       Chrm           ###.....     4%          2    ##.....
c - Regeneration          Chrm/Necr      ##........   30%         3    ###....


You were on level 10 of the Dungeon.
You worshipped Okawaru.
Okawaru was pleased with you.
You were near starving.

You visited 2 branches of the dungeon, and saw 11 of its levels.
You also visited: Ossuary.

You collected 462 gold pieces.

#.....#....#..........
#.....#....#.........
#.....#....#....>....
#.....#...###...##.##
.......##'####...##.#
S....T.#....#.....# .
.......#....#.....#
#....#.....#
#.@..#.....#
#...##.oo.##
##...##....##+#
#....o#.........
#.....'.........
#.....#.........
################

Notes
Turn   | Place    | Note
--------------------------------------------------------------
     0 | D:1      | ololoev the Merfolk Skald began the quest for the Orb.
     0 | D:1      | Reached XP level 1. HP: 16/16 MP: 3/3
   161 | D:1      | Reached XP level 2. HP: 14/23 MP: 5/5
   185 | D:1      | Learned a level 2 spell: Song of Slaying
  1426 | D:2      | Reached XP level 3. HP: 20/28 MP: 6/6
  1486 | D:2      | Reached skill level 4 in Polearms
  1724 | D:2      | Found a snail-covered altar of Cheibriados.
  1850 | D:2      | Learned a level 3 spell: Regeneration
  2579 | D:3      | Reached XP level 4. HP: 28/34 MP: 1/7
  2856 | D:3      | Reached skill level 1 in Armour
  2919 | D:3      | Noticed Terence
  2971 | D:3      | Killed Terence
  3256 | D:3      | Reached skill level 5 in Polearms
  3256 | D:3      | Reached XP level 5. HP: 32/41 MP: 2/8
  4143 | D:3      | Reached XP level 6. HP: 26/47 MP: 4/9
  4604 | D:4      | Reached skill level 6 in Polearms
  4990 | D:5      | Entered Level 5 of the Dungeon
  5053 | D:5      | Reached XP level 7. HP: 36/52 MP: 3/11
  5080 | D:5      | Noticed ololoev's ghost (novice MfSu)
  5396 | D:5      | Found a burning altar of Makhleb.
  5419 | D:5      | Noticed Pikel
  5438 | D:5      | Killed Pikel
  5438 | D:5      | Reached skill level 7 in Polearms
  5438 | D:5      | Reached skill level 5 in Charms
  5438 | D:5      | Reached XP level 8. HP: 42/60 MP: 8/13
  5557 | D:5      | Reached skill level 8 in Polearms
  5825 | D:5      | Found a shattered altar of Ashenzari.
  5941 | D:5      | Found a stormy altar of Qazlal.
  6234 | D:5      | Gained mutation: Armour fits poorly on your strangely shaped body. [potion of mutation]
  6234 | D:5      | Gained mutation: You evolve. [potion of mutation]
  6234 | D:5      | Gained mutation: Your spells are a little easier to cast, but a little less powerful. [potion of mutation]
  6716 | D:5      | Killed ololoev's ghost
  6860 | D:5      | Found a glowing golden altar of the Shining One.
  7264 | D:6      | Noticed Blork the orc
  7266 | D:6      | Noticed Cenon's ghost (novice OgFE)
  7282 | D:6      | Killed Blork the orc
  7386 | D:6      | Found a sand-covered staircase.
  7406 | Ossuary  | Entered an ossuary
  7420 | Ossuary  | Lost mutation: Armour fits poorly on your strangely shaped body. [evolution]
  7581 | Ossuary  | Reached skill level 9 in Polearms
  7681 | Ossuary  | Reached skill level 5 in Fighting
  7725 | Ossuary  | Reached XP level 9. HP: 59/68 MP: 8/15
  7919 | D:6      | Noticed Edmund
  7939 | D:6      | Killed Edmund
  8289 | D:6      | Noticed Menkaure
  8295 | D:6      | Killed Menkaure
  8340 | D:6      | Noticed Duvessa
  8342 | D:6      | Noticed Dowan
  8347 | D:6      | Killed Duvessa
  8352 | D:6      | Killed Dowan
  8493 | D:6      | Killed Cenon's ghost
  8493 | D:6      | Reached skill level 10 in Polearms
  8493 | D:6      | Reached skill level 5 in Armour
  8768 | D:7      | Found a shimmering altar of Xom.
  8873 | D:7      | Found an oddly glowing altar of Pakellas.
  8915 | D:7      | Reached skill level 5 in Spellcasting
  9214 | D:7      | Reached XP level 10. HP: 62/76 MP: 11/17
  9487 | D:7      | Found a staircase to the Ecumenical Temple.
  9545 | Temple   | Entered the Ecumenical Temple
  9615 | Temple   | Became a worshipper of Warmaster Okawaru
  9708 | D:7      | Reached skill level 1 in Necromancy
 10159 | D:8      | Noticed Sargon's ghost (novice GrEE)
 10174 | D:8      | Noticed Grum
 10348 | D:6      | Lost mutation: Your spells are a little easier to cast, but a little less powerful. [evolution]
 10720 | D:7      | Reached skill level 11 in Polearms
 11058 | D:8      | Killed Grum
 11074 | D:8      | Reached * piety under Okawaru
 11268 | D:8      | Reached skill level 1 in Shields
 11315 | D:8      | Noticed Erolcha
 12099 | D:9      | Reached ** piety under Okawaru
 12127 | D:9      | Gained mutation: You possess an exceptional clarity of mind. [mutagenic meat]
 12128 | D:9      | Gained mutation: You are partially covered in slimy green scales (AC +2). [mutagenic meat]
 12129 | D:9      | Gained mutation: Armour fits poorly on your strangely shaped body. [mutagenic meat]
 12130 | D:9      | Gained mutation: You are clumsy. (Dex -2) [mutagenic meat]
 12259 | D:9      | Reached skill level 1 in Invocations
 12532 | D:9      | Gained mutation: You are mostly covered in slimy green scales (AC +3). [evolution]
 12776 | D:9      | ololoev: slay(9)
 12776 | D:9      | ololoev: noice!
 12962 | D:10     | Entered Level 10 of the Dungeon
 13003 | D:10     | Reached XP level 11. HP: 68/84 MP: 9/20
 13154 | D:10     | Killed by miscasting Regeneration

Dungeon Overview and Level Annotations

Branches:
Dungeon (10/15)            Temple (1/1) D:7
   Lair: D:8-11         Orc: D:9-12

Altars:
Ashenzari
Cheibriados
Dithmenos
Elyvilon
Fedhas
Makhleb
Nemelex Xobeh
Okawaru
Pakellas
Qazlal
Ru
Xom
Yredelemnul
Zin
The Shining One

Annotations:
D:6 1 exclusion
D:8 Erolcha; Sargon's ghost, novice GrEE


Message History

You hit the orc warrior.
The orc warrior is almost dead.
You closely miss the orc warrior.
The orc warrior is almost dead.
You feel sick.
The orc warrior hits you but does no damage.
The orc closely misses you.
You hit the orc warrior but do no damage.
The orc warrior is almost dead.
The orc warrior hits you with a war axe.
You closely miss the orc warrior.
The orc warrior is almost dead.
Your song has ended.
The orc hits you.
You closely miss the orc warrior.
The orc warrior is almost dead.
You are feeling very hungry.
You feel sick.
The orc warrior hits you but does no damage.
The orc hits you.
You closely miss the orc warrior.
The orc warrior is severely wounded.
The orc hits you but does no damage.
The orc warrior hits you with a war axe!
You hit the orc warrior.
The orc warrior is almost dead.
Your skin stops crawling.
Drink which item? (? for menu, Esc to quit)
You feel much better.
You feel sick. The orc hits you but does no damage.
The orc warrior hits you with a war axe!
You hit the orc warrior but do no damage.
The orc warrior is almost dead.
The orc closely misses you.
The orc warrior hits you with a war axe!
You hit the orc warrior.
The orc warrior is almost dead.
The orc closely misses you.
You feel sick.
The orc warrior hits you with a war axe.
There is an open door here.
You feel sick.
There is an open door here.
Casting: Regeneration
Confirm with . or Enter, or press ? or * to list all spells.
Your skin crawls.
You feel sick. The orc warrior closely misses you.
You feel sick.
You are no longer poisoned.
Your skin is crawling a little less now.
Casting: Regeneration
Confirm with . or Enter, or press ? or * to list all spells.
You miscast Regeneration.
You are very lightly contaminated with residual magic.
Nothing appears to happen.
The orc warrior hits you with a war axe.
Your skin stops crawling.
Casting: Regeneration
Confirm with . or Enter, or press ? or * to list all spells.
You miscast Regeneration.
Strange energies run through your body. The orc barely misses you.
The orc warrior hits you with a war axe!
Casting: Regeneration
Confirm with . or Enter, or press ? or * to list all spells.
You miscast Regeneration.
The orc closely misses you. The orc warrior barely misses you.
There is an open door here.
Things that are here:
a dagger of venom; a leather armour; an orc corpse You close the door.
Casting: Regeneration
Confirm with . or Enter, or press ? or * to list all spells.
You miscast Regeneration.
Your skin tingles.
You are near starving!
Something unseen opens the door.
Casting: Regeneration
Confirm with . or Enter, or press ? or * to list all spells.
You miscast Regeneration.
You smell decay.
Casting: Regeneration
Confirm with . or Enter, or press ? or * to list all spells.
You miscast Regeneration.
Pain shoots through your body!
You die...

You could see an orc warrior.

Vanquished Creatures
  The ghost of Cenon the Cudgeler, a novice OgFE (D:6)
  Pikel (D:5)
  The ghost of ololoev the Ducker, a novice MfSu of Okawaru (D:5)
  A troll (D:10)
  A spriggan (D:7)
  A wyvern (D:9)
  Grum (D:8)
  3 hippogriffs
  Menkaure (D:6)
  Edmund (D:6)
  Duvessa (D:6)
  2 phantoms
  A sky beast (D:9)
  5 orc warriors
  3 ice beasts
  4 wolves (D:8)
  An eye of draining (D:9)
  3 centaurs
  5 ogres
  A big kobold (D:7)
  3 giant frogs
  Blork the orc (D:6)
  Dowan (D:6)
  2 scorpions
  3 wights (D:7)
  2 howler monkeys (D:7)
  4 crimson imps
  3 centaur zombies
  A giant frog zombie (D:6)
  5 hounds
  A jelly (D:6)
  A human zombie (Ossuary)
  A centaur skeleton (D:9)
  2 orc priests (D:9)
  2 iguanas
  6 orc wizards
  A giant frog skeleton (D:9)
  Terence (D:3)
  4 worker ants
  2 big kobold zombies (Ossuary)
  A hound zombie (D:5)
  3 mummies (Ossuary)
  A worker ant zombie (D:6)
  14 gnolls
  8 adders
  2 shadow imps
  An adder zombie (D:9)
  6 worms
  5 giant geckos
  17 orcs
  A giant cockroach (D:4)
  A gnoll zombie (Ossuary)
  12 goblins
  10 hobgoblins
  7 jackals
  11 kobolds
  6 quokkas
  4 ball pythons
  7 bats
  A giant gecko skeleton (D:4)
  7 giant newts
  2 kobold zombies (Ossuary)
  10 rats
221 creatures vanquished.

Vanquished Creatures (others)
  2 slaves (D:5)
  A centaur zombie (D:5)
  A worker ant (D:5)
  A giant cockroach (D:5)
5 creatures vanquished.

Grand Total: 226 creatures vanquished

Action                   |  1- 3 |  4- 6 |  7- 9 | 10-12 || total
-------------------------+-------+-------+-------+-------++-------
Melee: Spear             |   172 |   243 |   511 |   166 ||  1092
       Trident           |       |       |       |   408 ||   408
 Cast: Infusion          |     5 |    12 |    13 |    15 ||    45
       Song of Slaying   |     1 |     6 |     9 |    12 ||    28
       Regeneration      |       |       |     2 |    15 ||    17
Evoke: Wand              |       |     1 |     1 |       ||     2
  Use: Potion            |       |       |     7 |     5 ||    12
       Scroll            |       |       |     6 |     3 ||     9
 Stab: Sleeping          |     4 |       |       |       ||     4
       Distracted        |     1 |       |       |       ||     1
  Eat: Chunk             |     1 |     5 |     9 |    12 ||    27
       Bread ration      |     1 |     1 |       |       ||     2
       Beef jerky        |       |       |     2 |     1 ||     3
       Fruit             |       |       |     2 |     1 ||     3
       Meat ration       |       |       |       |     1 ||     1

Vault maps used:
D:1:      minmay_arrival_solitary_statue, hangedman_decor_growths,
          minmay_bisected
D:2:      cheibriados_altar_1, first_bread
D:3:      roderic_lattice_a, uniq_terence
D:5:      overflow_temple_1_default, bloody_makhleb,
          nicolae_tso_swordbearing_angel, nicolae_overflow_hidden_temple,
          guppyfry_early_lair_pool, uniq_pikel
D:6:      enter_ossuary_5, uniq_blork_the_orc, uniq_edmund, uniq_duvessa,
          uniq_crazy_yiuf_cottage, uniq_menkaure
D:7:      old_standard_altar, lemuel_crystal_altar, temple_fountains, the_bakery
D:8:      old_standard_altar, minmay_misc_feat_hallway, uniq_erolcha, uniq_grum
D:10:     erik_lair_orcish_takeover, minmay_orc_entry_guard_dogs, serial_shops,
          nicolae_shop_overgrown_old_shop
Temple:   oiseaux_autumnal_temple_12
Ossuary:  ossuary_crypta
